AoeStats
← LeDerp

Arena

507768302Analyzed
2v2 RM · 13d ago on Sep 19, 2026· 64m 32s· 4 players
Game mode
Random Map
Map size
Medium (4 player)
Population
200
Speed
Normal
Resources
Standard
Victory
Conquest
Starting age
Dark Age
Ending age
Imperial Age
RankedLock teamsTeams togetherTeam positionsShared explorationLock speedFull tech treeHidden civsTurbo modeCheats
Victory
Defeat
🇫🇷 Sicilians · France
1242
+14
🇨🇳 Poles · China
1176
+18
🇦🇹 Britons · Austria
1229
-17
🇩🇪 Spanish · Germany
1179
-15
First Sahne
7:46 Loom
10:22 Feudal Age
11:46 Fletching
44:03 Double-Bit Axe
44:36 Horse Collar
53:30 Castle Age
53:51 Scale Barding Armor
53:56 Forging
54:55 Chain Barding Armor
54:00 Light Cavalry
55:30 Husbandry
56:03 Bloodlines
59:50 Bow Saw
BobbyBenz
12:44 Feudal Age
13:23 Double-Bit Axe
13:59 Horse Collar
19:31 Castle Age
17:46 Fletching
19:43 Gold Mining
19:44 Stone Mining
20:21 Crossbowman
22:10 Bow Saw
23:26 Heavy Plow
25:16 Gold Shaft Mining
27:54 Bodkin Arrow
32:00 Wheelbarrow
31:11 Loom
35:11 Imperial Age
33:56 Ballistics
33:47 Fortified Wall
34:44 Hand Cart
36:04 Bracer
37:07 Chemistry
36:59 Conscription
36:58 Town Watch
38:17 Two-Man Saw
37:41 Scale Mail Armor
37:51 Forging
38:37 Chain Mail Armor
39:51 Pikeman
40:31 Squires
40:51 Halberdier
41:16 Arson
42:05 Plate Mail Armor
42:11 Iron Casting
44:09 Elite Longbowman
48:16 Blast Furnace
47:17 Padded Archer Armor
48:01 Yeomen
dorshiffe10
6:14 Loom
29:55 Feudal Age
30:23 Double-Bit Axe
30:20 Horse Collar
30:38 Gold Mining
31:03 Stone Mining
37:55 Castle Age
35:58 Scale Mail Armor
36:08 Forging
37:25 Fletching
38:06 Arson
39:02 Chain Mail Armor
39:22 Iron Casting
39:06 Bow Saw
39:46 Squires
40:59 Iron Casting
41:25 Bodkin Arrow
42:48 Wheelbarrow
43:59 Gold Shaft Mining
45:00 Ballistics
45:31 Town Watch
47:17 Hand Cart
47:35 Masonry
47:28 Gambesons
48:12 Heavy Plow
53:01 Imperial Age
53:03 Murder Holes
54:20 Plate Mail Armor
54:41 Guilds
55:37 Chemistry
54:54 Arrowslits
54:41 Elite Serjeant
56:03 Bracer
57:04 Blast Furnace
59:15 Crop Rotation
58:47 Town Patrol
60:54 Siege Engineers
63:16 Stone Shaft Mining
LeDerp
11:14 Feudal Age
12:11 Double-Bit Axe
12:07 Horse Collar
16:30 Castle Age
15:23 Stone Mining
15:45 Loom
17:18 Heavy Plow
17:30 Bow Saw
17:47 Gold Mining
19:13 Heavy Plow
21:57 Szlachta Privileges
22:33 Scale Barding Armor
22:44 Bloodlines
24:13 Forging
24:57 Chain Barding Armor
25:51 Forging
25:59 Husbandry
27:12 Iron Casting
29:33 Wheelbarrow
31:41 Imperial Age
31:24 Hand Cart
30:40 Light Cavalry
32:06 Stone Shaft Mining
31:53 Cavalier
32:48 Devotion
33:15 Capped Ram
33:55 Town Watch
34:52 Crop Rotation
34:35 Siege Ram
38:02 Town Patrol
41:21 Lechitic Legacy
41:33 Winged Hussar
44:13 Conscription
44:07 Elite Obuch
46:30 Ballistics
46:39 Scale Mail Armor
47:39 Blast Furnace
48:17 Chemistry
47:59 Squires
48:15 Chain Mail Armor
49:17 Siege Engineers
52:07 Siege Engineers
52:06 Caravan
55:18 Masonry
58:35 Plate Mail Armor
59:59 Bombard Tower
59:21 Treadmill Crane
Connection lost

Rejoining the realm…

Still unreachable

The connection could not be restored.

Session expired

The server has moved on; the page needs a fresh start.